AoeStats
← |GaoeG| flamingo

Arabia

509972725Analyzed
3v3 RM · 2d ago on Sep 28, 2026· 31m 32s· 6 players
Game mode
Random Map
Map size
Normal (6 player)
Population
200
Speed
Normal
Resources
Standard
Victory
Conquest
Starting age
Dark Age
Ending age
Imperial Age
RankedLock teamsTeams togetherTeam positionsShared explorationLock speedFull tech treeHidden civsTurbo modeCheats
Victory
Defeat
🇪🇸 Inca · Spain
1423
+5
🇪🇸 Wei · Spain
1321
+7
🇪🇸 Franks · Spain
851
+24
🇦🇷 Bulgarians · Argentina
1117
-13
🇦🇷 Britons · Argentina
1089
-12
🇦🇷 Burgundians · Argentina
1085
-11
|GaoeG| flamingo
6:20 Loom
9:01 Feudal Age
9:35 Double-Bit Axe
9:35 Horse Collar
16:11 Wheelbarrow
17:15 Forging
18:20 Bloodlines
23:00 Castle Age
21:30 Gold Mining
22:31 Scale Barding Armor
23:20 Light Cavalry
24:01 Husbandry
24:34 Bow Saw
24:26 Heavy Plow
24:58 Chain Barding Armor
JITANOmaleant7
3:27 Loom
9:37 Feudal Age
10:34 Double-Bit Axe
11:53 Fletching
18:25 Horse Collar
20:50 Wheelbarrow
24:25 Castle Age
21:59 Champi Runner
24:01 Scale Mail Armor
24:13 Forging
24:33 Gold Mining
24:29 Champi Warrior
25:10 Squires
25:28 Chain Mail Armor
25:59 Bow Saw
31:35 Iron Casting
claran33
11:01 Feudal Age
12:34 Double-Bit Axe
14:04 Wheelbarrow
13:15 Loom
15:50 Man-at-Arms
17:42 Gold Mining
18:26 Stone Mining
22:45 Castle Age
24:12 Scale Barding Armor
25:03 Forging
25:18 Hand Cart
26:35 Chain Barding Armor
30:13 Iron Casting
Baldunets
6:38 Loom
9:43 Feudal Age
10:11 Double-Bit Axe
10:11 Horse Collar
12:35 Gold Mining
17:31 Wheelbarrow
20:03 Castle Age
18:25 Fletching
19:07 Forging
18:57 Scale Mail Armor
19:02 Scale Barding Armor
18:44 Arson
18:57 Stone Mining
22:40 Bow Saw
24:26 Stone Shaft Mining
23:54 Heavy Plow
25:34 Gold Shaft Mining
25:15 Gambesons
25:30 Squires
26:19 Bloodlines
26:33 Chain Barding Armor
27:07 Bodkin Arrow
28:36 Murder Holes
29:56 Husbandry
30:33 Iron Casting
30:13 Chain Mail Armor
31:14 Squires
hoks
10:13 Feudal Age
10:50 Double-Bit Axe
12:09 Bow Saw
15:12 Wheelbarrow
14:26 Loom
15:41 Fletching
16:35 Scale Barding Armor
28:36 Scale Mail Armor
28:50 Forging
Ragouter
8:18 Loom
11:11 Feudal Age
11:43 Double-Bit Axe
13:59 Fletching
17:32 Padded Archer Armor
22:33 Scale Barding Armor
24:20 Horse Collar
26:59 Castle Age
26:11 Town Watch
30:33 Crossbowman
Connection lost

Rejoining the realm…

Still unreachable

The connection could not be restored.

Session expired

The server has moved on; the page needs a fresh start.